 Dungeon Crawl Stone Soup version 0.30-a0-297-g0ec75d9ef4 (webtiles) character file.

Game seed: 14744667526250838880

11 zishaf the Sneak (level 2, -4/15 HPs)
             Began as a Vine Stalker Brigand on Oct 18, 2022.
             Slain by a gnoll
             ... wielding a +3 spear
              (7 damage)
             ... on level 1 of the Dungeon.
             The game lasted 00:00:30 (161 turns).

zishaf the Sneak (Vine Stalker Brigand)              Turns: 161, Time: 00:00:31

Health: -4/15      AC:  3    Str: 13    XL:     2   Next: 25%
Magic:  0/3        EV: 11    Int: 11    God:
Gold:   0          SH:  0    Dex: 15    Spells: 1/1 levels left

rFire   . . .      SeeInvis .    a - +2 dagger
rCold   . . .      Faith    .    (no shield)
rNeg    . . .      Spirit   +    b - +0 robe
rPois   .          Reflect  .    (no helmet)
rElec   .          Harm     .    c - +0 cloak
rCorr   .          Rampage  .    (no gloves)
Will    .....                    (no boots)
Stlth   +++.......               (no amulet)
HPRegen 0.22/turn                (no ring)
MPRegen 0.08/turn                (no ring)

@: no status effects
A: fangs 2, magic shield, antimagic bite, no potion heal 2
a: no special abilities


You were on level 1 of the Dungeon.
You visited 1 branch of the dungeon, and saw 1 of its levels.

Inventory:

Hand Weapons
 a - a +2 dagger (weapon)
Missiles
 d - 9 poisoned darts (quivered)
 e - 3 curare-tipped darts
Armour
 b - a +0 robe (worn)
 c - a +0 cloak (worn)
Scrolls
 g - a scroll of immolation {unknown}
Potions
 f - a potion of heal wounds {unknown}


   Skills:
 + Level 2.0 Fighting
 + Level 2.0 Short Blades
 - Level 2.0 Throwing
 - Level 1.0 Dodging
 - Level 5.0 Stealth


You had one spell level left.
You didn't know any spells.
Your spell library was empty.

Dungeon Overview and Level Annotations

Branches:
Dungeon (1/15)

Altars:

Shops:
D:1 (


Innate Abilities, Weirdness & Mutations

You have extremely sharp teeth.
When hurt, damage is shared between your health and your magic reserves.
Your bite disrupts and absorbs the magic of your enemies.
Potions cannot restore your health.


Message History

You see here a ball python corpse.
Found Sareem's Weapon Shoppe.
There is an entrance to Sareem's Weapon Shoppe here.
A goblin comes into view. It is wielding a +0 club.
A goblin is nearby!
A giant cockroach comes into view.
The goblin shouts!
A gnoll comes into view. It is wielding a +3 spear.
You see here 3 gold pieces.
You completely miss the goblin. You bite the goblin.
You kill the goblin!
Training target 2.0 for Throwing reached!
Your Fighting skill increases to level 2!
Your Short Blades skill increases to level 2!
Your Throwing skill increases to level 2!
You hit the giant cockroach.
The giant cockroach is moderately wounded.
The giant cockroach closely misses you.
You completely miss the giant cockroach.
You bite the giant cockroach, but do no damage.
The giant cockroach is moderately wounded.
The giant cockroach bites you.
You hit the giant cockroach.
The giant cockroach is severely wounded.
The giant cockroach bites you but does no damage.
The gnoll hits you from afar with a +3 spear.
The giant cockroach misses you.
You closely miss the giant cockroach. Your bite misses the giant cockroach.
The giant cockroach is severely wounded.
The gnoll hits you from afar with a +3 spear!
Ouch! That really hurt!
* * * LOW HITPOINT WARNING * * *
The giant cockroach bites you but does no damage.
You are too injured to fight recklessly!
You are too injured to fight recklessly!
You barely miss the giant cockroach. You bite the giant cockroach.
You kill the giant cockroach!
The gnoll closely misses you. The gnoll hits you with a +3 spear!
You die...

#.# #.#####.# #..# .
..#.#)#.....# #..# ....
....#†#.....# #..##. ..#
#...#......# #.... ...#
#..#.#...#.# #..##....#
#.#...#..#.###...#....#
##..∩..###...$........#
#.#...#................
#..#.#........#@..#..#.
#....#..........g.......
#..###...#####.#......#.
#.. #....# #........#
... #...... .........#
.. ......#######.....#
.###### .#...# .....#


You could see a gnoll.

Vanquished Creatures
  A dart slug (D:1)
  A ball python (D:1)
  An endoplasm (D:1)
  A giant cockroach (D:1)
  2 goblins (D:1)
  A bat (D:1)
  A rat (D:1)
8 creatures vanquished.

Notes
Turn   | Place    | Note
-------+----------+-------------------------------------------
     0 | D:1      | zishaf the Vine Stalker Brigand began the quest for the
                  | Orb.
     0 | D:1      | Reached XP level 1. HP: 11/11 MP: 2/2
   128 | D:1      | Reached skill level 1 in Dodging
   128 | D:1      | Reached XP level 2. HP: 15/15 MP: 3/3
   130 | D:1      | Reached skill level 5 in Stealth
   138 | D:1      | Found Sareem's Weapon Shoppe.
   161 | D:1      | Slain by a gnoll

Illustrated notes

Levels and vault maps discovered:
D:1:      scummos_arrival_simple_fountains, layout_basic,
          shapermc_ecumenical_altar_petra, serial_shops, nicolae_diamond_shop,
          chequers_serial_rivers_small_3

Skill      XL: |  1  2 |
---------------+-------+-----
Dodging        | 1 |  1.0
Stealth        | 5 |  5.0
Fighting       | 2 |  2.0
Short Blades   | 2 |  2.0
Throwing       | 2 |  2.0

Action                   || total
-------------------------++-------
Melee: Dagger            ||    16
       Bite              ||     7
Armor: Robe              ||     5
Dodge: Dodged            ||     7

Table legend: (Time is in decaauts)
 A = Elapsed time spent in this place.
 B = Non-inter-level travel time spent in this place.
 C = Inter-level travel time spent in this place.
 D = Time resting spent in this place.
 E = Time spent auto-exploring this place.
 F = Levels seen in this place.
 G = Mean time per level.
                   A        B        C        D        E       F      G
               +--------+--------+--------+--------+--------+-----+--------+
         Total |    161 |    161 |      0 |      0 |    114 |   1 |  161.0 |
       Dungeon |    161 |    161 |      0 |      0 |    114 |   1 |  161.0 |
               +--------+--------+--------+--------+--------+-----+--------+

Top non-repeatable levels by time:
     D:1: 161 daAuts
